Cogmind - Beta 9.1 @@@ ROGUE MODE // 2019.10.31 @ 18:04:29 // Halloween2019/Abominations Player: Rumbl3 Result: Destroyed by Lesser Abomination with Assault Rifle Performance ------------- Evolutions (0) 0 Regions Visited (1) 200 Robots Destroyed (8) 40 Value Destroyed (161) 161 Prototype IDs (0) 0 Alien Tech Used (0) 0 Bonus (0) 0 TOTAL SCORE: 401 Bonus ------- None Cogmind --------- Core Integrity 0/250 Matter 277/300 Energy 100/100 System Corruption 0% Temperature Cool (0) Location -10/Materials Parts ------- Power (1) Propulsion (2) Utility (2) Small Storage Unit Improved Terrain Scanner Weapon (2) Inventory (6) Light Ion Engine Wheel Wheel Wheel Wheel Light Assault Rifle Peak State ------------ Power Light Ion Engine Propulsion Wheel Wheel Utility Small Storage Unit Improved Terrain Scanner Weapon Small Laser Light Assault Rifle Inventory Light Ion Engine Aluminum Leg Aluminum Leg Compact Wheel Assault Rifle [Rating: 8] Favorites ----------- Power Light Ion Engine Engine Light Ion Engine Propulsion Wheel Leg Aluminum Leg Wheel Wheel Utility Small Storage Unit Device Improved Terrain Scanner Storage Small Storage Unit Weapon Small Laser Energy Gun Small Laser Ballistic Gun Light Assault Rifle Build | -11 -10 ------- Run | Scr Mat Slots Evolved . | . . Power . | . . Propulsion . | . . Utility . | . . Weapon . | . . Parts Attached 7 | 7 . Power . | . . Engine . | . . Core . | . . Reactor . | . . Propulsion 3 | 3 . Treads . | . . Leg . | . . Wheel 3 | 3 . Hover . | . . Flight . | . . Utility 3 | 3 . Device 3 | 3 . Storage . | . . Processor . | . . Hackware . | . . Protection . | . . Artifact . | . . Weapon 1 | 1 . Energy Gun . | . . Energy Cannon . | . . Ballistic Gun 1 | 1 . Ballistic Cannon . | . . Launcher . | . . Special Weapon . | . . Impact Weapon . | . . Slashing Weapon . | . . Piercing Weapon . | . . Special Melee Weapon . | . . Unidentified Prototypes . | . . Parts Lost 5 | . 5 Power 1 | . 1 Propulsion 2 | . 2 Utility . | . . Weapon 2 | . 2 Highest Loss Streak 5 | . 5 Average Slot Usage (%) 69 | . 69 Engine 9 | . 9 Wheel 15 | . 15 Device 14 | . 14 Storage 14 | . 14 Energy Gun 8 | . 8 Ballistic Gun 8 | . 8 Naked Turns . | . . Heaviest Build 11 | 11 11 Greatest Support 20 | 20 20 Greatest Overweight (x) 2 | . 2 Average Overweight (x) . | . . Largest Inventory Capacity 6 | 6 6 Average Capacity 6 | 6 6 Most Carried 6 | 6 6 Average Carried 5 | 5 6 Final Capacity 6 | 6 6 Final Carried 6 | 6 6 Class Distribution -------------------- 100% | Mutant Dominant Class ---------------- Mutant | -10/Materials Resources | -11 -10 ----------- Run | Scr Mat Matter Collected 259 | 259 . Remotely . | . . Salvage Created 258 | 151 107 Parts 32 | 17 15 Haulers Intercepted . | . . Recyclers Shooed . | . . Parts Field Recycled . | . . Retrieved Matter . | . . Parts Self-Destructed . | . . Prevented . | . . Kills | -11 -10 ------- Run | Scr Mat Combat Hostiles Destroyed 2 | . 2 Guns 2 | . 2 Classes Destroyed 3 | 2 1 Tunneler 5 | 5 . Recycler 1 | 1 . Abomination 2 | . 2 Best Kill Streak 4 | 4 2 Combat Bots Only 2 | . 2 Max Kills in Single Turn 1 | 1 1 Gunslinging . | . . Exploded . | . . Melee . | . . Uniques/NPCs Destroyed . | . . Combat | -11 -10 -------- Run | Scr Mat Damage Taken 591 | . 591 Core 260 | . 260 Absorbed by Shields . | . . Core Remaining (%) 100 | 100 . Volleys Fired 20 | 9 11 Largest 2 | 2 2 Hottest 60 | 60 60 Shots Fired 40 | 18 22 Gun 40 | 18 22 Cannon . | . . Launcher . | . . Special . | . . Kinetic 20 | 9 11 Thermal 20 | 9 11 Explosive . | . . Electromagnetic . | . . Robot Hit Streak 11 | 11 7 Robot Miss Streak 2 | 1 2 Penetration Max . | . . Secondary Targets . | . . Shots Hit Robots 28 | 13 15 Core Hits 17 | 8 9 Critical Hits . | . . Critical Kills . | . . Critical Parts Destroyed . | . . Melee Attacks . | . . Impact . | . . Slashing . | . . Piercing . | . . Sneak Attacks . | . . Combat Hostiles . | . . Follow-up Attacks . | . . Damage Inflicted 352 | 149 203 Guns 350 | 149 201 Cannons . | . . Explosions . | . . Melee . | . . Ramming 2 | . 2 Kinetic 128 | 49 79 Thermal 222 | 100 122 Explosive . | . . Electromagnetic . | . . Impact . | . . Slashing . | . . Piercing . | . . Highest Corruption . | . . Average Corruption . | . . Corruption Purged . | . . Overload Shots . | . . Overflow Damage . | . . Projectiles . | . . Explosions . | . . Melee . | . . Knockbacks . | . . Impact . | . . Kinetic . | . . Secondary . | . . Self-Inflicted Damage 1 | . 1 Shots . | . . Rammed 1 | . 1 Targets Rammed 1 | . 1 Kicked . | . . Crushed . | . . Highest Temperature 40 | 40 20 Average Temperature 20 | 21 20 Received Heat Transfer 45 | . 45 Siege Activations . | . . Robots Corrupted . | . . Combat Hostiles . | . . Parts Fried . | . . Impact Corruptions . | . . Robots Melted . | . . Combat Hostiles . | . . Parts Melted . | . . Heat Transferred 279 | 225 54 Parts Sabotaged . | . . Parts Stolen . | . . Parts Stripped . | . . Power Chain Reactions . | . . Missiles Intercepted . | . . Alert | -11 -10 ------- Run | Scr Mat Peak Influence 30 | 30 28 Average Influence 15 | 17 14 Maximum Alert Level . | . . Low Security (%) 100 | . . Level 1 . | . . Level 2 . | . . Level 3 . | . . Level 4 . | . . Level 5 . | . . High Security . | . . Max Security . | . . Squads Dispatched . | . . Investigation . | . . Extermination . | . . Reinforcement . | . . Assault . | . . Garrison . | . . Intercept . | . . Construction Impeded . | . . Haulers Reinforced . | . . Stealth | -11 -10 --------- Run | Scr Mat Distress Signals . | . . Communications Jammed . | . . Distress Signals . | . . Times Spotted 5 | . 5 Peak Tracking Total 4 | . 4 Tactical Retreats . | . . Traps | -11 -10 ------- Run | Scr Mat Traps Triggered . | . . Indirectly . | . . Trap Hack Attempts . | . . Triggered . | . . Disarmed . | . . Reprogrammed . | . . Reused . | . . Traps Extracted . | . . Installed . | . . Triggered . | . . Machines | -11 -10 ---------- Run | Scr Mat Machines Disabled . | . . Max in Single Turn . | . . Machines Sabotaged . | . . Garrisons Compromised . | . . Overloaded Fab Kills . | . . Fab Network Shutdowns . | . . Hacking | -11 -10 --------- Run | Scr Mat Machines Accessed 1 | . 1 Terminals 1 | . 1 Fabricators . | . . Repair Stations . | . . Recycling Units . | . . Scanalyzers . | . . Garrison Access . | . . Total Hacks 4 | . 4 Successful 3 | . 3 Failed 1 | . 1 Catastrophic . | . . Database Lockouts . | . . Manual 4 | . 4 Terminals 4 | . 4 Fabricators . | . . Repair Stations . | . . Recycling Units . | . . Scanalyzers . | . . Garrison Access . | . . Terminal Hacks . | . . Fabricator Hacks . | . . Repair Station Hacks . | . . Recycling Unit Hacks . | . . Scanalyzer . | . . Garrison Access Hacks . | . . Unauthorized Hacks 6 | . 6 Terminals 3 | . 3 Track 1 | . 1 Botnet 1 | . 1 Operators 1 | . 1 Fabricators . | . . Repair Stations . | . . Recycling Units . | . . Scanalyzers . | . . Garrison Access . | . . Data Cores Recovered . | . . Used . | . . Hacking Detections 1 | . 1 Full Trace Events . | . . Feedback Events . | . . Feedback Blocked . | . . Robot Schematics Acquired . | . . Robots Built . | . . Matter . | . . Time . | . . Total Robot Build Rating . | . . Part Schematics Acquired . | . . Parts Built . | . . Matter . | . . Time . | . . Total Part Build Rating . | . . Parts Repaired . | . . Time . | . . Parts Recycled . | . . Recycled Matter . | . . Retrieved Matter . | . . Retrieved Components . | . . Parts Scanalyzed . | . . Part Schematics Acquired . | . . Parts Damaged . | . . Bothacking | -11 -10 ------------ Run | Scr Mat Used RIF Installer . | . . Robots Hacked . | . . Non-combat . | . . Combat . | . . Robot Hacks Applied . | . . Relay Couplers Released . | . . Robots Rewired . | . . Allies Hacked . | . . Hacks Repelled . | . . Allies | -11 -10 -------- Run | Scr Mat Total Allies . | . . Largest Group . | . . Highest-Rated Group . | . . Highest-Rated Ally . | . . Total Orders . | . . Ally Attacks . | . . Total Damage . | . . Kills . | . . Allies Corrupted . | . . Allies Melted . | . . Intel | -11 -10 ------- Run | Scr Mat Robot Analysis Total . | . . Derelict Logs Recovered . | . . Drone Launches . | . . Drone Recoveries . | . . Exploration | -11 -10 ------------- Run | Scr Mat Turns Passed 218 | 96 122 Spaces Moved 118 | 44 74 Core 36 | . 36 Treads . | . . Legs 1 | 1 . Wheels 81 | 43 38 Hover . | . . Flight . | . . Fastest Speed 80 | 80 80 Average Speed 88 | 80 93 Slowest Speed 150 | 120 150 Overloaded Moves . | . . Propulsion Burnouts . | . . Robots Hopped . | . . Cave-ins Triggered . | . . Exploration Rate (%) 9 | 3 15 Regions Visited 1 Branch Regions . Pre-discovered Areas . | . . Known Exits Taken . | . . Unknown Exits Taken 1 | 1 . Scrap Searched . | . . Spaces Dug . | . . Terrain Destroyed . | . . Melee . | . . Projectile . | . . AOE . | . . Actions | -11 -10 --------- Run | Scr Mat Total 177 | 90 87 Wait 21 | 20 1 Move 117 | 43 74 Hop . | . . Pick Up 3 | 3 . Fast Attach 2 | 2 . Attach . | . . Detach 1 | 1 . Swap 5 | 5 . Drop 7 | 7 . Fire 20 | 9 11 Melee . | . . Ram 1 | . 1 Kick . | . . Crush . | . . Escape Stasis . | . . Rewire . | . . Trap . | . . Miscellaneous . | . . Route ------- -11/Scrapyard -10/Materials History --------- Turn | Location | Event 1 | -11/Scrapyard | Discovered new exit (range 3) 97 | -11/Scrapyard | Entered Materials 194 | -10/Materials | Core integrity fell below 50% 204 | -10/Materials | Lost 5 parts (1p2n2w) 210 | -10/Materials | Core integrity fell below 20% 219 | -10/Materials | Destroyed by Lesser Abomination with Assault Rifle Last Messages --------------- 00183_ Lesser Abomination absorbs Lgt. Ion Engine. 00183_ Lgt. Ion Engine springs to life within a quantum being. 00184_ Lesser Abomination absorbs Wheel. 00184_ Lesser Abomination absorbs Hover Unit. 00186_ Violent ripples tear at the fabric of space around U-05 Engineer. 00186_ U-05 Engineer destroyed. 00187_ Lesser Abomination absorbs Structural Scanner, Wheel. 00188_ Lesser Abomination absorbs Terrain Scan Processor. 00188_ Lesser Abomination absorbs Ion Engine. 00188_ Lesser Abomination sneak attacks. 00188_ U-05 Engineer suffers critical hit. 00191_ Frozen by Ice Anomaly. 00195_ Lesser Abomination sheds Warp Anomaly. 00197_ Lesser Abomination destroyed. 00198_ Lesser Abomination absorbs Beam Cannon, Terrain Scanner. 00202_ Lesser Abomination absorbs Flight Unit. 00204_ Slammed into Ice Anomaly. 00205_ Frozen by Ice Anomaly. 00206_ Lesser Abomination sheds Disintegrating Anomaly. 00216_ Lesser Abomination absorbs Field Recycling Unit. Map ----- +----------------------------------------------------+ | ?????????????????????????????????????????????? | | ?????????????????????????????????????????????? | | ?????????????????????????????????????????????? | | ?????????????????????????????????????????????? | | ?????????????????????????????????????????????? | | ?????????????????????????????????????????????? | | ?????????????????????????????????????????????? | | ?????????????????????????????????????????????? | | ???????????????????????????? ????????????????? | | ?????????????????????????????????????????????? | | ??????????????????#??????????????????????????? | | ?????????????????????????????????????????????? | | ?????????????????????????????????????????????? | | ??????????????????????????????? #????????????? | | ???????????? ????????????????? ?????????????? | | ???????????????????????????? ?????????????? | | ?????????????????????#?#??? ?????? ???????? | | ?????????????? ??#??#????? ?????? ?????????? | | ?????????##############?? ??????????????????? | | ???????#?# ## ###"###"##""* ?????????? | | ?????????# """ ;#############" "#???????? | | ?????????# """ ;;=##"#####"""" ##???????? | | ?????????# """ ;A% % % ##???????? | | ?????????# ; ;########"""" #????????? | | ???????#?# """ ; ; # " #????????? | | ?????????# """ ; ;@########### ##???????? | | ?#????#??# """ ; #?????????? #????????? | | ????????## ; #???????# ? #????????? | | ???#?#???#####+#;;; #??????#?????????????? | | #??????????# ;;% ## ??????????????????? | | ???????????# ;; #? ??????????????????? | | ??????#????# ;; #??? ????????????????? | | ????#???#??# % ;;###????????????????????? | | ???????????# ;;;; ##?????????????????????? | | ???????????## ;;;;;#####? ?????????????????? | | ????????????# # #? ?????????????????? | | ????????????# # "T" #??????#????????????? | | ????????????# # #???????????????????? | | ?????######?# # """ #??????#????????????? | | ?????# ] # # """"" #???????????????????? | | ?????# # + """"" #???????????????????? | | ?????# """ + # """"" #???????????????????? | | ?????# """ # # """ ##??????????????????? | | ?????# """ # # #???????????????????? | | ?????# ?#############????????????????????? | | ?????######?????????#????????????????????????? | | ??????????#???????????????#??????????????????? | | ?????????????????????????????????????????????? | | ?????????????????????????????????????????????? | | ?????????????????????????????????????????????? | +----------------------------------------------------+ Best States ------------- Heat Dissipation 25 Energy Generation 10 Energy Capacity 125 Matter Stores 300 Matter Capacity 300 Sight Range 16 Terrain Scan Range 16 Terrain Scan Density 10 Evasion (%) 44 Item Schematics ----------------- None Robot Schematics ------------------ None Fabricated ------------ Nothing Alien Tech Used ----------------- None Achievements -------------- None Challenges ------------ None Game ------ Seed DispersionAntigravKatana Manual? 0 Play Time 00:11:15 Cumulative 254.9 hours Start 2019.10.31 @ 17:57:19 End 2019.10.31 @ 18:04:29 Sessions 1 Manual Loads 0 Difficulty Rogue Special Mode Halloween2019/Abominations Game No. 111 Rogue 111 Adventurer 0 Explorer 0 Win Type - Total 7 Types 6/0/0/1/0/0/0 Lore% 75 Gallery% 77 Achievement% 59 Wizard Run 0 Options --------- ASCII 0 Keyboard 0 Movement Numpad Keybinds 0 Fullscreen 0 Font 14/Dina Map View 76x50 Tactical HUD 1 Map Filters NONE Filters NONE Steam 1 RUN: 6b8439df-9a2f-44c7-b1da-296799e37701